 Dungeon Crawl Stone Soup version 0.28-a0-21-gf74fda84f9 (webtiles) character file.

Game seed: 8901013673261589062

1376 banchobear the Skirmisher (level 8, -13/64 HPs)
             Began as a Demonspawn Berserker on July 26, 2021.
             Was a Believer of Trog.
             Mangled by an orc warrior (20 damage)
             ... on level 8 of the Dungeon.
             The game lasted 00:15:24 (3430 turns).

banchobear the Skirmisher (Demonspawn Berserker)    Turns: 3430, Time: 00:15:25

Health: -13/64     AC:  6    Str: 19      XL:     8   Next: 39%
Magic:  8/8        EV: 13    Int:  8      God:    Trog [**....]
Gold:   188        SH:  0    Dex: 13 (14) Spells: 7/7 levels left

rFire   . . .      SeeInvis .   a - +3 hand axe
rCold   . . .      Faith    .   (no shield)
rNeg    . . .      Spirit   .   b - +1 animal skin
rPois   .          Reflect  .   (helmet restricted)
rElec   .          Harm     .   e - +0 cloak
rCorr   .          Rampage  .   (no gloves)
Will    ++...                   (no boots)
Stlth   +.........              (no amulet)
HPRegen 1.20/turn               (no ring)
MPRegen 0.11/turn               (no ring)

@: strong-willed (expiring), regenerating (expiring)
A: horns 2, thin metallic scales 1, demonic guardian 1, powered by death 1
a: Renounce Religion, Berserk, Trog's Hand


You were on level 8 of the Dungeon.
You worshipped Trog.
Trog was pleased with you.
You visited 1 branch of the dungeon, and saw 8 of its levels.

You collected 270 gold pieces.
You spent 82 gold pieces at shops.

Inventory:

Hand Weapons
 a - a +3 hand axe (weapon)
Missiles
 f - 3 silver javelins (quivered)
Armour
 b - a +1 animal skin (worn)
 e - a +0 cloak (worn)
Wands
 l - a wand of iceblast (11)
Scrolls
 d - a scroll of identify
 j - a scroll of teleportation
Potions
 c - a potion of berserk rage
 k - a potion of resistance


   Skills:
 * Level 5.9 Fighting
 * Level 5.4 Axes
 * Level 5.0 Armour
 * Level 4.9 Dodging


You had 7 spell levels left.
You didn't know any spells.
Your spell library was empty.

Dungeon Overview and Level Annotations

Branches:
Dungeon (8/15)
 Temple: D:4-7         Lair: D:8-11

Altars:
Gozag
Makhleb
Nemelex Xobeh
Qazlal
Sif Muna
Trog
Wu Jian

Shops:
D:4 ?   D:6 *


Innate Abilities, Weirdness & Mutations

You have a pair of horns on your head.
You are partially covered in thin metallic scales. (AC +2)
A weak demonic guardian rushes to your aid.
You regenerate a little health from kills.


Message History

The orc warrior misses you.
The sky beast flickers out of sight!
Deactivating autopickup; reactivate with Ctrl-A.
You hit the orc warrior but do no damage.
You headbutt the orc warrior.
The orc warrior is moderately wounded.
The orc warrior closely misses you.
A sky beast appears from thin air!
Reactivating autopickup.
You barely miss the orc warrior.
The orc warrior is moderately wounded.
The orc warrior barely misses you.
You hit the orc warrior.
The orc warrior is moderately wounded.
The orc warrior hits you with a +0 battleaxe!!
You barely miss the orc warrior.
The orc warrior is moderately wounded.
The orc warrior hits you with a +0 battleaxe!
The sky beast flickers out of sight!
Deactivating autopickup; reactivate with Ctrl-A.
You hit the orc warrior. Your headbutt misses the orc warrior.
The orc warrior is heavily wounded.
The orc warrior closely misses you.
You hit the orc warrior.
The orc warrior is severely wounded.
The orc warrior hits you with a +0 battleaxe!
* * * LOW HITPOINT WARNING * * *
The orc curses loudly.
Your skin crawls.
You feel strong-willed. The orc warrior barely misses you.
You slash the orc warrior!
The orc warrior is almost dead.
You recover from your berserk rage.
The orc warrior hits you with a +0 battleaxe!
* * * LOW HITPOINT WARNING * * *
A demonic guardian appears!
You hit the orc warrior but do no damage.
The orc warrior is almost dead.
You feel the effects of Trog's Hand fading.
The orc warrior hits you with a +0 battleaxe!!
You die... ####..... #....... ###...... .... ....... .... ##.....{.. ...##. #...# oo.

...... #...# #F#
#...... #>..# #o#
....#
#..###@###..## #
##..##.5.....#..#
##....#...........
#................#
##..##..........##
##.#....#.....##
####..###...##
#... ..## #...#
...<


You could see an orc warrior (ally target), a bullfrog, 2 orcs and a friendly
shadow imp (summoned).

Vanquished Creatures
  A centaur zombie (D:8)
  2 hornet zombies (D:6)
  An ice beast (D:6)
  2 centaurs
  A black bear (D:6)
  An ogre (D:7)
  A bullfrog (D:7)
  A scorpion (D:5)
  2 hounds
  2 iguanas
  An orc wizard (D:6)
  4 gnolls (D:3)
  An adder (D:5)
  2 shadow imps
  A white imp (D:6)
  A worm (D:2)
  11 orcs
  3 endoplasms
  A giant cockroach (D:2)
  3 goblins
  4 hobgoblins
  4 jackals (D:3)
  A quokka (D:1)
  4 ball pythons
  3 bats
  A kobold (D:2)
  3 rats
62 creatures vanquished.

Vanquished Creatures (collateral kills)
  3 orc priests (D:7)
  A killer bee zombie (D:4)
  An adder (D:3)
  An orc (D:3)
  A giant cockroach (D:2)
  A hobgoblin (D:2)
  A kobold (D:2)
9 creatures vanquished.

Grand Total: 71 creatures vanquished

Notes
Turn   | Place    | Note
-------+----------+-------------------------------------------
     0 | D:1      | banchobear the Demonspawn Berserker began the quest for the
                  | Orb.
     0 | D:1      | Reached XP level 1. HP: 18/18 MP: 1/1
   173 | D:1      | Gained mutation: A weak demonic guardian rushes to your
                  | aid. [demonic ancestry]
   173 | D:1      | Reached XP level 2. HP: 19/24 MP: 2/2
   254 | D:1      | You fall into a shaft and drop 1 floor!
  1040 | D:3      | Reached XP level 3. HP: 29/29 MP: 3/3
  1042 | D:3      | Reached ** piety under Trog
  1106 | D:3      | Found a faded altar of an unknown god.
  1177 | D:3      | Reached XP level 4. HP: 34/35 MP: 4/4
  1659 | D:4      | Found Secwos's Magic Scroll Shoppe.
  1670 | D:4      | Bought a scroll of enchant weapon for 82 gold pieces
  1751 | D:4      | Noticed a centaur
  1759 | D:4      | Killed a centaur
  1760 | D:4      | Gained mutation: You regenerate a little health from kills.
                  | [demonic ancestry]
  1760 | D:4      | Reached XP level 5. HP: 22/42 MP: 5/5
  1780 | D:4      | HP: 1/42 [killer bee zombie (3)]
  1975 | D:5      | Entered Level 5 of the Dungeon
  2029 | D:5      | Gained mutation: You are partially covered in thin metallic
                  | scales. (AC +2) [demonic ancestry]
  2029 | D:5      | Reached XP level 6. HP: 48/48 MP: 6/6
  2330 | D:6      | Found Onoenomn's Assorted Antiques.
  2411 | D:6      | Found an opulent altar of Gozag.
  2414 | D:6      | Noticed an ice beast
  2432 | D:6      | Killed an ice beast
  2433 | D:6      | Gained mutation: You have a pair of small horns on your
                  | head. [demonic ancestry]
  2433 | D:6      | Reached XP level 7. HP: 8/55 MP: 7/7
  2718 | D:6      | Found a burning altar of Makhleb.
  2718 | D:6      | Found an ornate altar of the Wu Jian Council.
  2725 | D:6      | Found a sparkling altar of Nemelex Xobeh.
  2727 | D:6      | Found a shimmering blue altar of Sif Muna.
  2729 | D:6      | Found a stormy altar of Qazlal.
  2804 | D:6      | Reached skill level 5 in Fighting
  3096 | D:7      | Found a bloodstained altar of Trog.
  3107 | D:7      | Reached skill level 5 in Axes
  3107 | D:7      | Gained mutation: You have a pair of horns on your head.
                  | [demonic ancestry]
  3107 | D:7      | Reached XP level 8. HP: 6/63 MP: 8/8
  3395 | D:8      | Reached skill level 5 in Armour
  3430 | D:8      | Mangled by an orc warrior

Illustrated notes

Levels and vault maps discovered:
D:1:      dpeg_arrival_subterranean_lakeside_camping, layout_loops_corners
D:2:      layout_basic
D:3:      layout_loops_ring, shapermc_ecumenical_altar_mp_highgroup,
          uniq_terence
D:4:      layout_gridville, serial_shops, nicolae_shop_waterfront
D:5:      layout_layer_cave
D:6:      layout_cave_pools, mainiacjoe_overflow_small_starburst,
          chequers_temple_overflow_minitemple, serial_shops,
          nicolae_stop_n_shop_2
D:7:      layout_loops_cross, minmay_temple_entry_tees, minmay_misc_feat_chi,
          david_defended_altar_orc
D:8:      cheibrodos_barr_body, layout_cave_pools

Skill      XL: |  1  2  3  4  5  6  7  8 |
---------------+-------------------------+-----
Armour         | 2 3 4 5 |  5.0
Dodging        | 2 3 4 |  4.9
Axes           | 3 4 5 |  5.4
Fighting       | 4 5 |  5.9

Action                   |  1- 3 |  4- 6 |  7- 9 || total
-------------------------+-------+-------+-------++-------
Melee: Hand axe          |    70 |   104 |    72 ||   246
       Headbutt          |       |       |    12 ||    12
Throw: Javelin           |       |     1 |       ||     1
Invok: Berserk           |     3 |     5 |     4 ||    12
       Trog's Hand       |       |     2 |     5 ||     7
  Use: Scroll            |     4 |     9 |     4 ||    17
       Potion            |       |     2 |     3 ||     5
 Stab: Sleeping          |     2 |       |       ||     2
       Distracted        |     1 |     1 |     1 ||     3
Armor: Animal skin       |    10 |    29 |    27 ||    66
Dodge: Dodged            |    47 |    83 |    69 ||   199

Table legend: (Time is in decaauts)
 A = Elapsed time spent in this place.
 B = Non-inter-level travel time spent in this place.
 C = Inter-level travel time spent in this place.
 D = Time resting spent in this place.
 E = Time spent auto-exploring this place.
 F = Levels seen in this place.
 G = Mean time per level.
                   A        B        C        D        E       F      G
               +--------+--------+--------+--------+--------+-----+--------+
         Total |   3566 |   3566 |      0 |   1142 |    413 |   8 |  445.8 |
       Dungeon |   3566 |   3566 |      0 |   1142 |    413 |   8 |  445.8 |
               +--------+--------+--------+--------+--------+-----+--------+

Top non-repeatable levels by time:
     D:2: 773 daAuts
     D:6: 758 daAuts
     D:4: 564 daAuts
     D:3: 432 daAuts
     D:5: 377 daAuts
     D:7: 335 daAuts
     D:1: 268 daAuts
     D:8: 56 daAuts
